 Dungeon Crawl Stone Soup version 0.20.1-1-g8b1a95d (webtiles) character file.

79 empire the Sneak (level 4, -1/21 HPs)
             Began as a Vine Stalker Enchanter on Sept 13, 2017.
             Succumbed to kobold's curare-tipped needle
             ... on level 3 of the Dungeon.
             The game lasted 00:03:50 (1906 turns).

empire the Sneak (Vine Stalker Enchanter)           Turns: 1906, Time: 00:03:50

Health: -1/21      AC:  4    Str: 13    XL:     4   Next: 38%
Magic:  1/8        EV: 13    Int: 15    God:
Gold:   124        SH:  0    Dex: 16    Spells: 6/7 levels left

rFire    . . .     SeeInvis .   b - +2 dagger (flame)
rCold    . . .     Gourm    .   (no shield)
rNeg     . . .     Faith    .   e - +0 robe
rPois    .         Spirit   +   (no helmet)
rElec    .         Reflect  .   (no cloak)
rCorr    .         Harm     .   k - +1 pair of gloves {Str+3}
MR       .....                  (no boots)
Stlth    +++.......             (no amulet)
Regen    0.5/turn               (no ring)
MPRegen  0.2/turn               (no ring)

@: lethally poisoned (-1 -> -20), slowed, very slow
A: fangs 2, regeneration 1, magic shield, antimagic bite, no potion heal 3, rot
immunity
a: no special abilities


You were on level 3 of the Dungeon.
You were not hungry.

You visited 1 branch of the dungeon, and saw 3 of its levels.

You collected 124 gold pieces.

Inventory:

Hand Weapons
 a - a +1 dagger
 b - a +2 dagger of flaming (weapon)
Armour
 e - a +0 robe (worn)
 k - a +1 pair of gloves of strength (worn)
Scrolls
 h - a scroll of teleportation {unknown}
 j - a scroll of identify {unknown}
 l - a scroll of remove curse {unknown}
 n - a scroll of random uselessness {unknown}
Potions
 f - a potion of heal wounds
 g - a potion of agility {unknown}
Books
 c - a book of Maledictions

   Spells                             Type                      Level
   a - Corona                         Hexes                        1
   b - Ensorcelled Hibernation        Hexes/Ice                    2
   c - Confuse                        Hexes                        3
   d - Tukima's Dance                 Hexes                        3
   e - Dazzling Spray                 Conjuration/Hexes            3
Comestibles
 d - 2 bread rations
 i - a meat ration
 m - a fruit


   Skills:
 + Level 0.5 Fighting
 + Level 1.6 Short Blades
 + Level 2.2 Dodging
 + Level 4.6 Stealth
 + Level 2.4 Spellcasting
 + Level 3.3 Hexes


You had 6 spell levels left.
You knew the following spells:

 Your Spells              Type           Power        Failure   Level  Hunger
a - Corona                Hex            ##.....      5%          1    #......


Dungeon Overview and Level Annotations

Branches:
Dungeon (3/15)

Altars:
Nemelex Xobeh


Innate Abilities, Weirdness & Mutations

You have extremely sharp teeth.
Your natural rate of healing is unusually fast.
When hurt, damage is shared between your health and your magic reserves.
Your bite disrupts and absorbs the magic of your enemies.
Potions cannot restore your health.
You are immune to rotting.


Message History

You feel sick.
The kobold shoots a curare-tipped needle.
The curare-tipped needle hits you.
You are more poisoned.
You have difficulty breathing.
You feel as though you will be slow longer.
* * * LOW HITPOINT WARNING * * *
You feel sick.
The kobold shoots a curare-tipped needle.
The curare-tipped needle barely misses you.
The kobold shoots a curare-tipped needle.
The curare-tipped needle hits you.
You are more poisoned.
You have difficulty breathing.
* * * LOW HITPOINT WARNING * * *
You feel as though you will be slow longer.
You see here a curare-tipped needle.
Unknown command.
It was a potion of heal wounds.
That seemed strangely inert.
You die...

######.....# .......
...........# .......
...........# ......K###
#.<...# .........#
#####.....##
.........##...........##
........[...###........#
..........# #..........#
.......@.# .........#...
######..(# .######..#...
#.(## ##.##.. #..#
#..#.. #..# #..#.. ##.#
#..#.. #.# #..#.. #.##
##.. #..# #...


You could see a kobold.

Vanquished Creatures
  3 adders
  5 dart slugs
  2 ball pythons
  2 giant cockroaches
  3 goblins (D:1)
  6 hobgoblins
  5 kobolds
  6 bats
  5 frilled lizards
  7 rats
44 creatures vanquished.

Notes
Turn   | Place    | Note
-------+----------+-------------------------------------------
     0 | D:1      | empire the Vine Stalker Enchanter began the quest for the Orb.
     0 | D:1      | Reached XP level 1. HP: 9/9 MP: 4/4
   170 | D:1      | Reached skill level 1 in Short Blades
   191 | D:1      | Reached XP level 2. HP: 6/13 MP: 4/6
   407 | D:1      | Reached skill level 4 in Stealth
   772 | D:1      | Reached XP level 3. HP: 8/16 MP: 4/7
  1475 | D:2      | Found a sparkling altar of Nemelex Xobeh.
  1591 | D:2      | Gained mutation: Your natural rate of healing is unusually fast. [Vine Stalker growth]
  1591 | D:2      | Reached XP level 4. HP: 7/21 MP: 4/8
  1906 | D:3      | Succumbed to kobold's curare-tipped needle

Skill      XL: |  1  2  3 |
---------------+----------+-----
Short Blades   | 1 |  1.6
Stealth        | 4 |  4.6
Dodging        | 2 |  2.2
Fighting       | |  0.5
Spellcasting   | |  2.4
Hexes          | |  3.3

Action                   |  1- 3 |  4- 6 || total
-------------------------+-------+-------++-------
Melee: Dagger            |    92 |    22 ||   114
       Bite              |    14 |     4 ||    18
 Cast: Corona            |     1 |       ||     1
  Use: Potion            |       |     1 ||     1
 Stab: Sleeping          |     8 |     1 ||     9
  Eat: Chunk             |     2 |     1 ||     3
Armor: Robe              |    35 |     2 ||    37
Dodge: Dodged            |    64 |    14 ||    78
